 Dungeon Crawl Stone Soup version 0.20.0-15-g7f486f2 (webtiles) character file.

363890 vishdafish the Hoplite (level 22, -13/142 HPs)
             Began as a Gargoyle Fighter on June 24, 2017.
             Was the Champion of Okawaru.
             Killed from afar by a deep elf annihilator (31 damage)
             ... with a crystal spear
             ... on level 3 of the Elven Halls.
             The game lasted 03:00:06 (42715 turns).

vishdafish the Hoplite (Gargoyle Fighter)          Turns: 42715, Time: 03:00:10

Health: -13/142    AC: 53    Str: 29    XL:     22   Next: 51%
Magic:  28/28      EV: 12    Int: 13    God:    Okawaru [******]
Gold:   4264       SH: 28    Dex: 23    Spells: 21/21 levels left

rFire    + . .     SeeInvis .   s - +9 demon whip of Extremism {drain, rN+}
rCold    . . .     Gourm    .   T - +0 large shield
rNeg     + + .     Faith    .   g - +1 crystal plate armour
rPois    ∞         Spirit   .   V - +0 hat "Roasy" {-Tele Int+2 Dex+7 Stlth+}
rElec    +         Reflect  +   (no cloak)
rCorr    .         Harm     .   d - +0 pair of gloves {Dex+3}
MR       +....     NoTele   +   K - +2 pair of boots {Stlth+}
Stlth    ..........             f - +3 amulet of reflection
Regen    0.4/turn               U - +3 ring of protection
MPRegen  0.3/turn               F - +3 ring of strength

@: flying, hasted, very quick
A: antennae 1, big wings, talons 1, thin metallic scales 1, agile 1, blurry
vision 1, dopey 1, fire resistance 1, negative energy resistance 1, electricity
resistance, strong 1, unbreathing, petrification resistance, rot immunity, AC
+16
}: 2/15 runes: decaying, gossamer
a: Stop Flying, Heroism, Finesse, Renounce Religion


You were on level 3 of the Elven Halls.
You worshipped Okawaru.
Okawaru was exalted by your worship.
You were not hungry.

You visited 7 branches of the dungeon, and saw 39 of its levels.
You also visited: Labyrinth, Ossuary and Volcano.

You collected 4595 gold pieces.
You spent 331 gold pieces at shops.

Inventory:

Hand Weapons
 p - the +10 executioner's axe "Wirelia" {freeze, rElec}
   (You found it in a labyrinth)

   It has been specially enchanted to freeze those struck by it, causing extra
   injury to most foes and up to half again as much damage against particularly
   susceptible opponents.
   It can also slow down cold-blooded creatures.
   It insulates you from electricity.
 s - the +9 demon whip of Extremism (weapon) {drain, rN+}
   (Okawaru gifted it to you on level 6 of the Lair of Beasts)

   A truly terrible weapon, it drains the life of those it strikes.
   It protects you from negative energy.
 R - the +14 obsidian axe {chop, +Fly SInv *Curse}
   (You found it on level 9 of the Dungeon)

   It inflicts extra damage upon your enemies.
   It lets you see invisible.
   It lets you fly.
   It curses itself when equipped.
Armour
 d - a +0 pair of gloves of dexterity (worn)
 g - a +1 crystal plate armour (worn)
 K - a +2 pair of boots of stealth (worn)
 T - a +0 large shield (worn)
 V - the +0 hat "Roasy" (worn) {-Tele Int+2 Dex+7 Stlth+}
   (Okawaru gifted it to you on level 4 of the Swamp)

   It affects your intelligence (+2).
   It affects your dexterity (+7).
   It prevents most forms of teleportation.
   It makes you more stealthy.
Jewellery
 f - a +3 amulet of reflection (around neck)
 F - a +3 ring of strength (right hand)
 Q - an uncursed amulet of the gourmand
 U - a +3 ring of protection (left hand)
 W - a +2 ring of evasion
Wands
 b - a wand of lightning (7/15)
 v - a wand of digging (3/24)
 I - a wand of lightning (2/15)
Scrolls
 a - 2 scrolls of identify
 h - 17 scrolls of remove curse
 i - 10 scrolls of amnesia
 j - a scroll of fear
 l - 3 scrolls of blinking
 q - 10 scrolls of magic mapping
 w - 15 scrolls of teleportation
 y - 7 scrolls of enchant weapon
 z - 6 scrolls of enchant armour
 A - 3 scrolls of fog
 G - 6 scrolls of recharging
 N - a scroll of holy word
 S - 3 scrolls of immolation
Potions
 e - 3 potions of agility
 k - 3 potions of invisibility
 m - 8 potions of curing
 n - 2 potions of cancellation
 r - 8 potions of brilliance
 B - 6 potions of berserk rage
 C - 8 potions of might
 L - 2 potions of mutation
 M - 4 potions of ambrosia
 O - 5 potions of haste
 P - 3 potions of magic
Books
 c - a book of Party Tricks

   Spells                             Type                      Level
   a - Summon Butterflies             Summoning                    1
   b - Apportation                    Translocation                1
   c - Lesser Beckoning               Translocation                3
   d - Tukima's Dance                 Hexes                        3
   e - Alistair's Intoxication        Transmutation/Poison         5
   f - Invisibility                   Hexes                        6
 o - the Incunabulum of Clay and Confrontation
   (You found it on level 3 of the Elven Halls)

   Spells                             Type                      Level
   a - Magic Dart                     Conjuration                  1
   b - Throw Flame                    Conjuration/Fire             2
   c - Mephitic Cloud                 Conjuration/Poison/Air       3
   d - Leda's Liquefaction            Hexes/Earth                  4
   e - Petrify                        Transmutation/Earth          4
   f - Iskenderun's Battlesphere      Conjuration/Charms           5
 t - a book of Spatial Translocations

   Spells                             Type                      Level
   a - Blink                          Translocation                2
   b - Shroud of Golubria             Charms/Translocation         2
   c - Lesser Beckoning               Translocation                3
   d - Gell's Gravitas                Translocation                3
   e - Teleport Other                 Translocation                3
   f - Passage of Golubria            Translocation                4
 x - a book of Power

   Spells                             Type                      Level
   a - Iskenderun's Battlesphere      Conjuration/Charms           5
   b - Venom Bolt                     Conjuration/Poison           5
   c - Bolt of Magma                  Conjuration/Fire/Earth       5
   d - Iron Shot                      Conjuration/Earth            6
   e - Orb of Destruction             Conjuration                  7
   f - Spellforged Servitor           Conjuration/Summoning        7
 X - a book of the Sky

   Spells                             Type                      Level
   a - Summon Lightning Spire         Summoning/Air                4
   b - Silence                        Hexes/Air                    5
   c - Deflect Missiles               Charms/Air                   6
   d - Conjure Ball Lightning         Conjuration/Air              6
   e - Tornado                        Air                          9
 Y - a book of Beasts

   Spells                             Type                      Level
   a - Summon Butterflies             Summoning                    1
   b - Call Canine Familiar           Summoning                    3
   c - Summon Ice Beast               Ice/Summoning                4
   d - Summon Mana Viper              Hexes/Summoning              5
   e - Summon Hydra                   Summoning                    7
Miscellaneous
 D - a sack of spiders
 H - a phial of floods
 Z - a lamp of fire
Comestibles
 u - 23 fruits
 E - 2 royal jellies
 J - 19 bread rations


   Skills:
 + Level 16.0 Fighting
 - Level 18.0(19.0) Axes
 - Level 11.9(16.8) Maces & Flails
 * Level 17.0 Armour
 * Level 9.6 Dodging
 - Level 2.0 Stealth
 + Level 21.0 Shields
 - Level 9.0 Invocations
 + Level 0.6 Evocations


You had 21 spell levels left.
You didn't know any spells.

Dungeon Overview and Level Annotations

Branches:
Dungeon (15/15)            Temple (0/1) D:6            Lair (6/6) D:10
  Swamp (4/4) Lair:4       Spider (4/4) Lair:2        Slime (0/5) Lair:5
    Orc (2/2) D:12            Elf (3/3) Orc:2        Vaults (0/5) D:13
 Depths (5/5) D:15            Zot (0/5) Depths:5

Altars:
Ashenzari
Elyvilon
Hepliaklqana
Makhleb
Okawaru
Sif Muna
Yredelemnul
The Shining One
Beogh

Shops:
D:7 [   Orc:2 ?:[![   Elf:2 }   Elf:3 *[!   Depths:2 (   Depths:3 }=}
Depths:5 :

Portals:
Hell: Depths:1 Depths:2 Depths:3 Depths:4 Depths:5
Abyss: Depths:1 Depths:4 Depths:5
Pandemonium: Depths:3
Ziggurat: Depths:2
Trove: Depths:5 (give 4 scrolls of blinking)

Annotations:
Depths:4 exclusion: orange crystal statue


Innate Abilities, Weirdness & Mutations

You are resistant to torment.
Your stone body is resilient. (AC +16)
You are immune to poison.
Your large and strong wings let you fly indefinitely.
You resist negative energy. (rN+)
You are resistant to electric shocks. (rElec)
You can survive without breathing.
You are immune to petrification.
You are immune to rotting.
You have a pair of small antennae on your head.
You have sharp toenails.
You are partially covered in thin metallic scales. (AC +2)
You are agile. (Dex +2)
Scrolls take you a little longer to read.
You are dopey. (Int -2)
Your flesh is heat resistant. (rF+)
Your muscles are strong. (Str +2)


Message History

The deep elf sorcerer gestures at you while chanting.
The bolt of acid hits you!
You are splashed with acid!
The acid burns!
* * * LOW HITPOINT WARNING * * *
Items here: $ ) [ † a scimitar; a ring mail; 52 gold pieces; an elf corpse You cannot teleport because you are wearing the +0 hat "Roasy" {-Tele Int+2 Dex+7 Stlth+}.
Take off which item? (? for menu, Esc to quit)
The deep elf blademaster hits you but does no damage.
Keep disrobing?
You block the deep elf blademaster's attack.
You start removing your armour.
You continue taking off the +0 hat "Roasy" {-Tele Int+2 Dex+7 Stlth+}.
The deep elf annihilator seems less brilliant.
You block the deep elf sorcerer's attack.
You block the deep elf blademaster's attack.
The deep elf blademaster hits you but does no damage.
The deep elf death mage beckons forth a restless soul!
The deep elf annihilator gestures at you while chanting.
The crystal spear hits you!
You die... #e..# . ##...## . .2###*....###3. .eee..3e..e.4.e #4.eeee3e4..e.# #*eeeeeee.# ## #1(eee#

#. ##e## ##. #3e@#
#.. #.ee# ##..
#...# #... ##.##{
#... #.# #... #.#
#####.. #.#
######.. #.#
##.#.##'.
#.#########..'..'#.


You could see a deep elf blademaster, an Ice Fiend, a reaper, 2 deep elf master
archers, 2 deep elf annihilators, 4 deep elf death magi, 3 deep elf sorcerers, 2
deep elf elementalists, a soul eater, a deep elf demonologist, 2 deep elf high
priests, a hellwing, a ynoxinul, 2 lost souls, a dire flail of protection and a
friendly sixfirhy.

Vanquished Creatures
  the Lernaean hydra (Swamp:4)
  Bai Suzhen (Swamp:3)
  Saint Roka (Depths:2)
  A tentacled monstrosity (Swamp:3)
  Jorgrun (Spider:4)
  2 deep elf blademasters
  Asterion (Depths:2)
  A lich (Depths:2)
  2 storm dragons (Depths:5)
  2 thorn hunters
  4 tengu reavers
  6 fire giants
  7 frost giants
  Louise (Depths:5)
  Aizul (Spider:1)
  A draconian scorcher (Depths:5)
  2 ghost moths
  4 emperor scorpions
  3 entropy weavers (Spider:3)
  2 vampire knights
  22 very ugly things
  14 stone giants
  Azrael (Spider:1)
  A green draconian (Depths:5)
  8 spark wasps
  A deep elf annihilator (Elf:3)
  A purple draconian (Depths:5)
  A white draconian (Depths:5)
  A black draconian (Depths:5)
  A merfolk javelineer (Depths:4)
  7 ettins
  6 crystal guardians (Depths:4)
  A deep elf high priest (Elf:3)
  A merfolk impaler (Depths:4)
  A minotaur (Lab)
  4 yaktaur captains
  5 great orbs of eyes
  5 fire dragons
  A rakshasa (Depths:1)
  17 hydras
  Fannar (D:11)
  6 ice dragons
  Erolcha (D:9)
  2 ghost crabs
  3 centaur warriors
  A hell beast (Depths:3)
  A death knight (D:13)
  6 alligators
  3 ogre magi
  An anaconda (shapeshifter) (Elf:3)
  Erica (Lair:2)
  A queen ant (Spider:3)
  13 death yaks
  5 deep troll shamans
  19 two-headed ogres
  A vampire mage (Depths:3)
  3 deep troll earth magi
  7 spriggan berserkers
  Urug (D:11)
  7 death scarabs (Spider:4)
  2 tengu warriors
  23 dancing weapons
  An orc high priest (Orc:2)
  A hell knight (Volcano)
  Nergalle (D:10)
  8 deep elf knights
  2 iron trolls (Depths:5)
  A salamander mystic (Depths:2)
  A sun demon (Depths:3)
  A fire crab (Lair:6)
  2 flayed ghosts
  3 glowing orange brains
  11 swamp dragons
  An unseen horror (D:10)
  4 deep trolls (Depths:5)
  5 spriggan druids
  2 wizards
  Pikel (D:8)
  52 deep elf magi
  10 deep elf archers
  3 orc knights
  A necromancer (D:15)
  A wolf spider zombie (D:15)
  2 spectral wolf spiders (Spider:4)
  13 orb spiders
  28 ugly things
  3 orc sorcerers
  A cyclops (D:14)
  20 wolf spiders
  A faun (shapeshifter) (D:15)
  A manticore (D:14)
  10 elephants
  A moth of wrath (Spider:4)
  4 salamanders (Depths:2)
  2 guardian serpents (shapeshifter)
  4 centaur zombies
  A rust devil (Depths:3)
  2 black mambas
  A torpor snail (shapeshifter) (Depths:5)
  A spiny frog (shapeshifter) (Depths:2)
  A water nymph (shapeshifter) (D:13)
  A gargoyle (D:14)
  A spectral redback (Spider:4)
  A spriggan zombie (D:15)
  13 spiny frogs
  2 torpor snails
  5 komodo dragons
  2 rime drakes
  5 centaur skeletons
  5 spectral swamp worms (Depths:4)
  2 efreet (D:14)
  2 redback zombies
  14 demonic crawlers
  A guardian mummy (D:15)
  18 yaktaurs
  3 tengu conjurers
  26 jumping spiders
  3 meliai (D:13)
  8 trolls
  6 tyrant leeches
  3 spectral tarantellas (Spider:4)
  3 spectral jumping spiders (Spider:4)
  9 blink frogs
  3 jumping spider zombies (Spider:4)
  25 slime creatures
  8 hornets
  5 hippogriffs
  A meliai zombie (D:14)
  5 bog bodies
  A dream sheep (shapeshifter) (Depths:4)
  A deep troll zombie (D:15)
  5 spriggans
  36 redbacks
  11 water elementals
  A centaur simulacrum (D:15)
  4 shadows
  A wraith (Ossuary)
  5 air elementals
  2 wyverns
  3 basilisks
  34 yaks
  22 tarantellas
  A steam dragon (D:14)
  6 fire elementals
  A hog (D:14)
  17 vampire mosquitoes
  5 hungry ghosts
  A redback simulacrum (D:14)
  16 swamp worms
  2 wargs (Orc:1)
  17 soldier ants
  15 insubstantial wisps
  A soldier ant (shapeshifter) (Elf:1)
  7 water moccasins
  A hell hound (Spider:1)
  A water moccasin (shapeshifter) (Depths:2)
  A floating eye (Depths:2)
  7 porcupines
  14 swamp drakes
  17 orc warriors
  5 sky beasts
  5 ice beasts
  2 phantoms
  A slave (D:8)
  2 hornet zombies (Spider:4)
  3 eyes of draining
  A necrophage (D:14)
  6 wolves (Lair:2)
  3 boggarts (Depths:4)
  25 ogres
  15 centaurs
  11 crocodiles
  A big kobold (D:8)
  10 bullfrogs
  6 earth elementals
  A water moccasin zombie (D:6)
  2 wyvern skeletons
  A wyvern zombie (D:10)
  5 scorpions
  11 killer bees
  A tengu zombie (D:15)
  3 electric eels
  3 howler monkeys (D:13)
  2 spriggan skeletons
  7 crimson imps
  13 jellies
  10 hounds
  32 orc priests
  An iron imp (Depths:5)
  3 bullfrog skeletons
  An iguana (D:7)
  Ijyb (D:4)
  25 orc wizards
  29 worker ants
  Natasha (thrice) (D:4 D:6)
  A killer bee zombie (D:8)
  An ogre skeleton (Lab)
  A hound skeleton (D:4)
  A mummy (Ossuary)
  8 gnolls
  14 adders
  2 howler monkey skeletons
  2 shadow imps
  4 oozes
  3 dart slugs
  7 leopard geckos
  79 orcs
  8 bats
  6 giant cockroaches
  7 goblins
  6 hobgoblins
  15 jackals
  6 ball pythons
  4 frilled lizards
  7 gnoll skeletons (Ossuary)
  2 jackal zombies
  12 kobolds
  6 kobold skeletons (Ossuary)
  2 leopard gecko skeletons
  12 orc skeletons (Ossuary)
  A quokka skeleton (D:4)
  9 rats
  2 briar patches (Swamp:4)
  5 fungi
  5 plants
1383 creatures vanquished.

Vanquished Creatures (collateral kills)
  Arachne (Spider:2)
  A lich (Depths:4)
  Frances (Swamp:1)
  Kirke (D:14)
  A draconian monk (Depths:5)
  A thorn hunter (Swamp:1)
  A deep elf sorcerer (Elf:3)
  A shadow dragon (Depths:5)
  2 fire giants
  2 frost giants
  3 emperor scorpions
  A deep elf elementalist (Depths:1)
  The ghost of mcbry the Brawler, a journeyman TrBe of Trog (Lair:3)
  8 very ugly things
  An entropy weaver (Spider:2)
  A black draconian (Depths:5)
  A purple draconian (Depths:5)
  A yellow draconian (Depths:5)
  A spark wasp (Spider:4)
  2 fire dragons (Depths:5)
  3 ettins
  7 hydras
  2 rakshasas
  A spriggan air mage (Depths:5)
  A catoblepas (Lair:5)
  2 alligators
  A centaur warrior (D:13)
  An ogre mage (Depths:1)
  2 two-headed ogres
  A deep troll shaman (Depths:2)
  6 death yaks
  3 dancing weapons
  A death scarab (Spider:4)
  A deep troll earth mage (Depths:2)
  3 orc high priests (Orc:2)
  A deep elf knight (Elf:2)
  A skeletal warrior (D:15)
  A spriggan druid (Swamp:4)
  2 deep trolls (Depths:5)
  A glowing orange brain (Depths:2)
  2 swamp dragons (Swamp:4)
  3 deep elf archers
  4 deep elf magi
  6 orb spiders
  An orc knight (D:15)
  5 ugly things
  8 wolf spiders
  3 moths of wrath (Spider:4)
  A frost giant zombie (D:15)
  8 elephants
  A cyclops (Orc:2)
  A centaur zombie (D:15)
  A torpor snail (Spider:1)
  A centaur skeleton (D:15)
  4 spiny frogs
  A komodo dragon (Lair:5)
  A golden dragon simulacrum (Depths:3)
  3 demonic crawlers
  3 yaktaurs
  10 jumping spiders
  A spectral jumping spider (Spider:4)
  2 trolls
  3 meliai (D:15)
  A hornet (Spider:4)
  A polar bear (shapeshifter) (D:13)
  A jumping spider zombie (Spider:4)
  A spectral tarantella (Spider:4)
  7 slime creatures
  4 bog bodies
  A tarantella zombie (Spider:4)
  2 hippogriffs (Lair:1)
  18 redbacks
  13 tarantellas
  7 yaks
  A hog (D:14)
  A wraith (D:15)
  A steam dragon (D:14)
  4 vampire mosquitoes
  4 swamp worms
  An insubstantial wisp (Swamp:2)
  2 wargs (Orc:2)
  2 hell hounds (Spider:1)
  8 orc warriors
  3 soldier ants (Spider:3)
  A porcupine (Lair:5)
  An ice beast (D:14)
  3 slaves (D:8)
  3 swamp drakes (Swamp:4)
  A black bear (Lair:2)
  A hornet zombie (Spider:4)
  3 ogres
  3 crocodiles
  A centaur (Depths:1)
  2 bullfrogs
  A spriggan skeleton (Lab)
  A crimson imp (D:14)
  A jelly (Lair:5)
  6 orc priests
  5 orc wizards
  6 worker ants
  5 orcs
  4 plants
277 creatures vanquished.

Vanquished Creatures (others)
  Nikola (Spider:2)
  Nessos (D:14)
  3 hydras
  A centaur warrior (Depths:2)
  A spriggan (Swamp:4)
  A deep elf archer (Elf:3)
  A deep elf mage (Elf:1)
  A torpor snail (Spider:1)
  4 yaktaurs
  A jumping spider (Spider:1)
  A hornet (Swamp:4)
  An air elemental (Elf:3)
  2 humans (D:14)
  A boggart (Depths:2)
  A jelly (D:6)
  A bullfrog skeleton (D:6)
  An orc priest (Orc:2)
  An iguana (D:6)
  An orc wizard (D:4)
  An orc (Orc:2)
  A fungus (Lair:2)
  4 plants
31 creatures vanquished.

Grand Total: 1691 creatures vanquished

Notes
Turn   | Place    | Note
-------+----------+-------------------------------------------
     0 | D:1      | vishdafish the Gargoyle Fighter began the quest for the Orb.
     0 | D:1      | Reached XP level 1. HP: 14/14 MP: 1/1
    43 | D:1      | Reached XP level 2. HP: 14/19 MP: 2/2
   526 | D:2      | Reached XP level 3. HP: 22/23 MP: 3/3
   892 | D:2      | Reached XP level 4. HP: 22/28 MP: 4/4
  1440 | D:3      | Reached skill level 4 in Shields
  1440 | D:3      | Reached XP level 5. HP: 25/32 MP: 5/5
  1657 | D:3      | Reached skill level 1 in Dodging
  2116 | D:4      | Found a basalt altar of Yredelemnul.
  2116 | D:4      | Found a hazy altar of Hepliaklqana.
  2117 | D:4      | Found a deep blue altar of Sif Muna.
  2146 | D:4      | Noticed Ijyb
  2176 | D:4      | Killed Ijyb
  2229 | D:4      | Found a sand-covered staircase.
  2245 | Ossuary  | Entered an ossuary
  2245 | Ossuary  | Noticed a wraith
  2245 | Ossuary  | Noticed a wraith
  2245 | Ossuary  | Noticed a wraith
  2337 | Ossuary  | Noticed a wraith
  2405 | Ossuary  | Killed a wraith
  2405 | Ossuary  | Reached skill level 5 in Shields
  2405 | Ossuary  | Reached XP level 6. HP: 36/38 MP: 6/6
  2547 | D:4      | Noticed Natasha
  2558 | D:4      | Killed Natasha
  2558 | D:4      | Reached XP level 7. HP: 31/42 MP: 7/7
  3499 | D:5      | Entered Level 5 of the Dungeon
  3706 | D:5      | Reached skill level 5 in Maces & Flails
  3706 | D:5      | Reached skill level 6 in Shields
  4399 | D:6      | Found an iron altar of Okawaru.
  4411 | D:6      | Became a worshipper of Warmaster Okawaru
  4428 | D:6      | Reached XP level 8. HP: 46/48 MP: 8/8
  4548 | D:6      | Noticed Natasha
  4562 | D:6      | Killed Natasha
  4562 | D:6      | Reached skill level 7 in Shields
  4643 | D:6      | Noticed Natasha
  4661 | D:6      | Killed Natasha
  4885 | D:6      | Reached skill level 5 in Armour
  4970 | D:6      | Found a staircase to the Ecumenical Temple.
  5324 | D:6      | Reached * piety under Okawaru
  5439 | D:6      | Got an encrusted helmet
  5445 | D:6      | Identified the +0 helmet of the Crypt {rF+ rC+ Str-4 Dex+3} (You found it on level 6 of the Dungeon)
  5675 | D:5      | Reached skill level 8 in Shields
  5675 | D:5      | Reached XP level 9. HP: 28/52 MP: 9/9
  6116 | D:5      | Reached skill level 1 in Stealth
  6119 | D:5      | Gained mutation: You have a somewhat thin skeletal structure. (Dex +2, Stealth) [potion of mutation]
  6119 | D:5      | Gained mutation: Your magical capacity is low. (-10% MP) [potion of mutation]
  6119 | D:5      | Gained mutation: You are partially covered in thin metallic scales. (AC +2) [potion of mutation]
  6120 | D:5      | Gained mutation: Armour fits poorly on your strangely shaped body. [mutagenic meat]
  6122 | D:5      | Gained mutation: You are frail. (-10% HP) [mutagenic meat]
  6123 | D:5      | Gained mutation: You expend magic power (3 MP) to strengthen your wands. [mutagenic meat]
  6124 | D:5      | Lost mutation: You are frail. (-10% HP) [potion of mutation]
  6124 | D:5      | Lost mutation: You expend magic power (3 MP) to strengthen your wands. [potion of mutation]
  6124 | D:5      | Lost mutation: Your magical capacity is low. (-10% MP) [potion of mutation]
  6124 | D:5      | Lost mutation: Armour fits poorly on your strangely shaped body. [potion of mutation]
  6124 | D:5      | Lost mutation: You have a somewhat thin skeletal structure. (Dex +2, Stealth) [potion of mutation]
  6124 | D:5      | Gained mutation: You have a pair of small antennae on your head. [potion of mutation]
  6124 | D:5      | Gained mutation: You expend magic power (3 MP) to strengthen your wands. [potion of mutation]
  6124 | D:5      | Gained mutation: You are weak. (Str -2) [potion of mutation]
  6124 | D:5      | Gained mutation: Your flesh is heat resistant. (rF+) [potion of mutation]
  6417 | D:7      | Found Keman's Armour Shoppe.
  6635 | D:7      | Reached ** piety under Okawaru
  6714 | D:7      | Found a white marble altar of Elyvilon.
  6860 | D:7      | Reached skill level 5 in Fighting
  7271 | D:8      | Reached skill level 9 in Shields
  7278 | D:8      | Gained mutation: Scrolls take you a little longer to read. [mutagenic meat]
  7279 | D:8      | Gained mutation: You are dopey. (Int -2) [mutagenic meat]
  7280 | D:8      | Lost mutation: You have a pair of small antennae on your head. [mutagenic meat]
  7281 | D:8      | Lost mutation: You are weak. (Str -2) [mutagenic meat]
  7289 | D:8      | Noticed Pikel
  7290 | D:8      | Noticed a two-headed ogre
  7326 | D:8      | Killed Pikel
  7326 | D:8      | Reached XP level 10. HP: 46/59 MP: 10/10
  7329 | D:8      | Killed a two-headed ogre
  7329 | D:8      | Reached *** piety under Okawaru
  7329 | D:8      | Reached skill level 10 in Shields
  7648 | D:8      | Found a burning altar of Makhleb.
  7670 | D:8      | Noticed a two-headed ogre
  7687 | D:8      | Killed a two-headed ogre
  7687 | D:8      | Reached **** piety under Okawaru
  8160 | D:9      | Noticed Erolcha
  8173 | D:9      | Killed Erolcha
  8173 | D:9      | Reached skill level 11 in Shields
  8709 | D:9      | Reached ***** piety under Okawaru
  8855 | D:9      | Reached XP level 11. HP: 60/64 MP: 11/11
  8870 | D:9      | Reached skill level 5 in Dodging
  9180 | D:10     | Entered Level 10 of the Dungeon
  9424 | D:10     | Found a staircase to the Lair.
  9493 | D:10     | Noticed Nergalle
  9521 | D:10     | Killed Nergalle
  9521 | D:10     | Reached skill level 10 in Maces & Flails
  9714 | D:10     | Reached skill level 12 in Shields
  9842 | D:10     | Noticed an unseen horror
  9844 | D:10     | Killed an unseen horror
  9959 | D:10     | Gained mutation: Your spells are a little harder to cast, but a little more powerful. [mutagenic meat]
 10158 | D:11     | Noticed Urug
 10165 | D:11     | Killed Urug
 10165 | D:11     | Received a gift from Okawaru
 10245 | D:11     | Noticed Fannar
 10309 | D:11     | Killed Fannar
 10542 | D:11     | Noticed a two-headed ogre
 10555 | D:11     | Killed a two-headed ogre
 10555 | D:11     | Reached XP level 12. HP: 71/71 MP: 9/12
 10667 | D:11     | Paralysed by an orc for 2 turns
 10890 | D:11     | Reached skill level 13 in Shields
 11309 | D:12     | Noticed a two-headed ogre
 11318 | D:12     | Killed a two-headed ogre
 11456 | D:12     | Found a staircase to the Orcish Mines.
 11468 | D:12     | Found a roughly hewn altar of Beogh.
 12441 | D:13     | Reached skill level 14 in Shields
 12453 | D:13     | Noticed a two-headed ogre
 12463 | D:13     | Killed a two-headed ogre
 12463 | D:13     | Reached ****** piety under Okawaru
 12522 | D:13     | Reached skill level 1 in Invocations
 12590 | D:13     | Noticed a death knight
 12592 | D:13     | Received a gift from Okawaru
 12635 | D:13     | Killed a death knight
 12635 | D:13     | Reached XP level 13. HP: 63/78 MP: 11/14
 12656 | D:13     | Got a faintly glowing dire flail {god gift}
 12663 | D:13     | Identified the +7 dire flail of Amorality {freeze, *Corrode +Rage rF+ Stlth+} (Okawaru gifted it to you on level 13 of the Dungeon)
 12800 | D:13     | Found a labyrinth entrance.
 12821 | Lab      | Entered a labyrinth
 13151 | Lab      | Noticed a minotaur
 13159 | Lab      | Killed a minotaur
 13159 | Lab      | Reached skill level 1 in Axes
 13203 | Lab      | Got a fine executioner's axe
 13327 | D:13     | Found a gate to the Vaults.
 13596 | D:13     | Received a gift from Okawaru
 13600 | D:13     | Got a slimy animal skin {god gift}
 13611 | D:13     | Identified the +1 animal skin of Resonance {rElec} (Okawaru gifted it to you on level 13 of the Dungeon)
 14099 | D:14     | Noticed Kirke
 14104 | D:14     | Killed Kirke
 14255 | D:14     | Noticed Nessos
 14260 | D:14     | Killed Nessos
 14260 | D:14     | Reached skill level 5 in Axes
 14818 | D:15     | Entered Level 15 of the Dungeon
 14835 | D:15     | Received a gift from Okawaru
 14876 | D:15     | Found a glowing golden altar of the Shining One.
 14915 | D:15     | Gained mutation: Your large and strong wings let you fly indefinitely. [Gargoyle growth]
 14915 | D:15     | Reached XP level 14. HP: 81/84 MP: 17/17
 14920 | D:15     | Found a staircase to the Depths.
 15020 | D:15     | Reached skill level 15 in Shields
 15024 | D:15     | Gained mutation: You have a pair of small antennae on your head. [mutagenic meat]
 15025 | D:15     | Gained mutation: You have sharp toenails. [mutagenic meat]
 15026 | D:15     | Gained mutation: You are weak. (Str -2) [mutagenic meat]
 15033 | D:15     | Gained mutation: You are agile. (Dex +2) [mutagenic meat]
 15036 | D:15     | Lost mutation: You are weak. (Str -2) [potion of mutation]
 15036 | D:15     | Lost mutation: You expend magic power (3 MP) to strengthen your wands. [potion of mutation]
 15036 | D:15     | Gained mutation: You are frail. (-10% HP) [potion of mutation]
 15036 | D:15     | Gained mutation: Your muscles are strong. (Str +2) [potion of mutation]
 15055 | D:15     | Reached skill level 5 in Invocations
 15662 | Orc:1    | Entered Level 1 of the Orcish Mines
 15885 | Orc:2    | Entered Level 2 of the Orcish Mines
 15915 | Orc:2    | Found Yntan's Magic Scroll Boutique.
 15945 | Orc:2    | Found a staircase to the Elven Halls.
 15989 | Orc:2    | Received a gift from Okawaru
 15990 | Orc:2    | Got a crude cloak {god gift}
 16001 | Orc:2    | Identified the +1 cloak of Tobruz {-Tele rPois rCorr} (Okawaru gifted it to you on level 2 of the Orcish Mines)
 16189 | Orc:2    | Found Qaxadodd's Distillery.
 16189 | Orc:2    | Found Kiqer's Antique Armour Shoppe.
 16189 | Orc:2    | Found Huries's Antique Armour Emporium.
 16195 | Orc:2    | Found Cuwnil's Book Emporium.
 16347 | Orc:2    | Bought a potion of heal wounds for 75 gold pieces
 16834 | Lair:1   | Entered Level 1 of the Lair of Beasts
 17907 | Lair:2   | Noticed Erica
 17912 | Lair:2   | Killed Erica
 18046 | Lair:2   | Reached skill level 10 in Axes
 18121 | Lair:2   | Found a hole to the Spider Nest.
 18183 | Lair:2   | Reached XP level 15. HP: 80/80 MP: 19/19
 18474 | Lair:3   | Identified the +10 executioner's axe "Wirelia" {freeze, rElec} (You found it in a labyrinth)
 18581 | Lair:3   | Noticed mcbry's ghost (journeyman TrBe)
 18593 | Lair:3   | Killed mcbry's ghost
 18593 | Lair:3   | Received a gift from Okawaru
 18731 | Lair:3   | Reached skill level 10 in Armour
 19481 | Lair:4   | Found a staircase to the Swamp.
 19809 | Lair:5   | Found a staircase to the Slime Pits.
 20216 | Lair:5   | Found a dark tunnel.
 20223 | Volcano  | Entered a volcano
 20547 | Lair:5   | Identified a scroll of acquirement
 20553 | Lair:5   | Got a pair of transparent gloves
 20564 | Lair:5   | Identified the -2 pair of gloves of Ciocvac {+Fly rElec rPois Int+2} (You acquired it on level 5 of the Lair of Beasts)
 20764 | Lair:6   | Entered Level 6 of the Lair of Beasts
 20969 | Lair:6   | Received a gift from Okawaru
 20971 | Lair:6   | Got a slimy demon whip {god gift}
 20974 | Lair:6   | Identified the +9 demon whip of Extremism {drain, rN+} (Okawaru gifted it to you on level 6 of the Lair of Beasts)
 21865 | Spider:1 | Entered Level 1 of the Spider Nest
 21873 | Spider:1 | Received a gift from Okawaru
 21921 | Spider:1 | Reached XP level 16. HP: 86/86 MP: 21/21
 21948 | Spider:1 | Noticed Azrael
 21953 | Spider:1 | Noticed Aizul
 21959 | Spider:1 | Killed Azrael
 21969 | Spider:1 | Killed Aizul
 22556 | Spider:2 | Reached skill level 16 in Shields
 22565 | Spider:2 | Received a gift from Okawaru
 22739 | Spider:2 | Noticed Arachne
 22773 | Spider:2 | Killed Arachne
 22867 | Spider:2 | Noticed Nikola
 22878 | Spider:2 | Killed Nikola
 23711 | Spider:3 | Reached skill level 10 in Fighting
 23778 | Spider:3 | Received a gift from Okawaru
 24085 | Spider:3 | Reached XP level 17. HP: 88/91 MP: 23/23
 24751 | Spider:4 | Entered Level 4 of the Spider Nest
 25127 | Spider:4 | Noticed Jorgrun
 25145 | Spider:4 | Killed Jorgrun
 25366 | Spider:4 | Received a gift from Okawaru
 25571 | Spider:4 | Reached skill level 15 in Axes
 25875 | Spider:4 | Reached skill level 17 in Shields
 25897 | Spider:4 | Got a gossamer rune of Zot
 26113 | Swamp:1  | Entered Level 1 of the Swamp
 26193 | Swamp:1  | Received a gift from Okawaru
 26219 | Swamp:1  | Noticed Frances
 26226 | Swamp:1  | Killed Frances
 26547 | Swamp:1  | Reached XP level 18. HP: 95/97 MP: 24/24
 27440 | Swamp:2  | Received a gift from Okawaru
 27948 | Swamp:3  | Noticed Bai Suzhen
 27968 | Swamp:3  | Killed Bai Suzhen
 28105 | Swamp:3  | Noticed a tentacled monstrosity
 28111 | Swamp:3  | Killed a tentacled monstrosity
 28339 | Swamp:4  | Entered Level 4 of the Swamp
 28599 | Swamp:4  | Received a gift from Okawaru
 29063 | Swamp:4  | Noticed the 27-headed Lernaean hydra
 29807 | Swamp:4  | Got a decaying rune of Zot
 29884 | Swamp:4  | Killed the 27-headed Lernaean hydra
 29884 | Swamp:4  | Received a gift from Okawaru
 29884 | Swamp:4  | Reached skill level 18 in Shields
 29884 | Swamp:4  | Reached XP level 19. HP: 71/103 MP: 17/25
 29904 | Swamp:4  | Got a fine hat {god gift}
 29915 | Swamp:4  | Identified the +0 hat "Roasy" {-Tele Int+2 Dex+7 Stlth+} (Okawaru gifted it to you on level 4 of the Swamp)
 30745 | Elf:1    | Entered Level 1 of the Elven Halls
 31982 | Elf:1    | Got a dazzling glaive
 32145 | Orc:2    | Bought a scroll of identify for 32 gold pieces
 32145 | Orc:2    | Bought 3 scrolls of identify for 96 gold pieces
 32255 | Depths:1 | Entered Level 1 of the Depths
 32575 | Depths:1 | Found a one-way gate to the infinite horrors of the Abyss.
 32584 | Depths:1 | Received a gift from Okawaru
 32686 | Depths:1 | Lost mutation: Your spells are a little harder to cast, but a little more powerful. [mutagenic meat]
 32687 | Depths:1 | Lost mutation: You are frail. (-10% HP) [mutagenic meat]
 33226 | Depths:1 | Found a gateway to Hell.
 33492 | Depths:2 | Received a gift from Okawaru
 34320 | Depths:2 | Noticed Asterion
 34321 | Depths:2 | Found a gateway to a ziggurat.
 34332 | Depths:2 | Reached XP level 20. HP: 112/124 MP: 26/26
 34345 | Depths:2 | Killed Asterion
 34600 | Depths:2 | Noticed Saint Roka
 34626 | Depths:2 | Killed Saint Roka
 34738 | Depths:2 | Found Ureorauk's Antique Weapon Shop.
 34745 | Depths:2 | Received a gift from Okawaru
 34746 | Depths:2 | Got an ancient robe {god gift}
 34757 | Depths:2 | Identified the +1 robe "Jyhiar" {rF++ rCorr} (Okawaru gifted it to you on level 2 of the Depths)
 35332 | Depths:2 | Reached skill level 19 in Shields
 36176 | Depths:3 | Received a gift from Okawaru
 36185 | Depths:3 | Reached skill level 15 in Armour
 36236 | Depths:3 | Found a one-way gate leading to the halls of Pandemonium.
 36683 | Depths:3 | Received a gift from Okawaru
 36687 | Depths:3 | Got a ripped robe {god gift}
 36698 | Depths:3 | Identified the +1 robe of Freedom {rN+} (Okawaru gifted it to you on level 3 of the Depths)
 36720 | Depths:3 | Identified the cursed +2 glaive of Fayt {flame, rElec rF+ MR- Int+2} (You found it on level 1 of the Elven Halls)
 36925 | Depths:3 | Reached XP level 21. HP: 85/132 MP: 27/27
 37103 | Depths:3 | Found Dokku's Gadget Emporium.
 37103 | Depths:3 | Found Bete's Jewellery Shop.
 37104 | Depths:3 | Found Qilieth's Gadget Emporium.
 39244 | Depths:5 | Entered Level 5 of the Depths
 39253 | Depths:5 | Noticed Louise
 39269 | Depths:5 | Killed Louise
 39274 | Depths:5 | Reached skill level 15 in Fighting
 39279 | Depths:5 | Reached skill level 20 in Shields
 39359 | Depths:5 | Found a portal to a secret trove of treasure.
 39482 | Depths:5 | Received a gift from Okawaru
 39615 | Depths:5 | Found Weoni's One-of-a-Kind Books.
 39698 | Depths:5 | Found a shattered altar of Ashenzari.
 39921 | Depths:5 | Paralysed by a vampire knight for 3 turns
 39953 | Depths:5 | Received a gift from Okawaru
 40435 | Depths:5 | Found a gate to the Realm of Zot.
 40442 | Depths:5 | Reached XP level 22. HP: 127/140 MP: 28/28
 41175 | Elf:2    | Found Boqosm's Gadget Boutique.
 41334 | Elf:2    | Found a huge runed gate.
 41338 | Elf:2    | Found a huge runed gate.
 41338 | Elf:2    | Found a huge runed gate.
 41339 | Elf:2    | Found a huge runed gate.
 41339 | Elf:2    | Found a huge runed gate.
 41523 | Elf:2    | Received a gift from Okawaru
 42088 | Elf:3    | Entered Level 3 of the Elven Halls
 42190 | Elf:3    | Found Lurof's Assorted Antiques.
 42194 | Elf:3    | Found Utaicysk's Antique Armour Boutique.
 42196 | Elf:3    | Found Hygrodenk's Distillery.
 42206 | Elf:3    | Bought a potion of mutation for 128 gold pieces
 42212 | Elf:3    | Identified the Incunabulum of Clay and Confrontation
 42532 | Elf:3    | Reached skill level 21 in Shields
 42715 | Elf:3    | Killed from afar by a deep elf annihilator

Skill      XL: |  1  2  3  4  5  6  7  8  9 10 11 12 13 14 15 16 17 18 19 20 21 22 |
---------------+-------------------------------------------------------------------+-----
Maces & Flails | 3 4 5 6 8 9 10 11 | 11.9
Armour         | 4 5 6 7 8 9 10 11 12 13 14 15 16 17 | 17.0
Shields        | 4 5 6 8 9 11 12 14 15 16 17 18 19 20 21 | 21.0
Dodging        | 1 2 3 4 5 6 8 9 |  9.6
Fighting       | 4 5 6 7 8 9 10 11 12 14 15 16 | 16.0
Stealth        | 1 2 |  2.0
Invocations    | 2 4 6 7 9 |  9.0
Axes           | 7 10 12 14 15 16 18 | 18.0
Evocations     | |  0.6

Action                   |  1- 3 |  4- 6 |  7- 9 | 10-12 | 13-15 | 16-18 | 19-21 | 22-24 || total
-------------------------+-------+-------+-------+-------+-------+-------+-------+-------++-------
Melee: Flail             |   190 |    85 |   184 |   887 |    17 |       |       |       ||  1363
       Mace              |       |   140 |   429 |       |       |       |       |       ||   569
       Broad axe         |       |       |       |    24 |   774 |  1103 |  1039 |   219 ||  3159
       Demon whip        |       |       |       |       |       |   110 |    30 |       ||   140
Invok: Heroism           |       |       |       |     3 |       |     6 |     2 |       ||    11
       Finesse           |       |       |       |       |       |     2 |     2 |       ||     4
 Abil: Fly               |       |       |       |       |       |     2 |       |       ||     2
       Stop Flying       |       |       |       |       |       |     1 |       |       ||     1
Evoke: Wand              |       |       |     1 |       |     8 |     2 |     1 |       ||    12
  Use: Scroll            |       |     2 |     6 |     5 |    11 |    10 |    13 |     1 ||    48
       Potion            |       |     1 |     5 |     5 |     3 |     3 |     3 |     1 ||    21
 Stab: Distracted        |       |       |       |       |     9 |    21 |    19 |     5 ||    54
       Confused          |       |       |       |       |       |     1 |       |       ||     1
  Eat: Bread ration      |       |     2 |     1 |       |     1 |       |       |       ||     4
       Royal jelly       |       |       |     6 |     3 |     4 |     5 |     3 |       ||    21
       Chunk             |       |       |     9 |     2 |     9 |       |     5 |       ||    25
       Meat ration       |       |       |     1 |     2 |     4 |     4 |     6 |     1 ||    18
Armor: Scale mail        |   112 |    76 |       |       |       |       |       |       ||   188
       Ring mail         |       |    43 |   237 |   123 |       |       |       |       ||   403
       Chain mail        |       |       |       |   273 |   148 |       |       |       ||   421
       Plate armour      |       |       |       |       |   216 |   488 |       |       ||   704
       Crystal plate arm |       |       |       |       |       |   552 |   269 |    65 ||   886
Dodge: Dodged            |    59 |    55 |   117 |   188 |   150 |   449 |   143 |    25 ||  1186
Block: Shield            |    59 |       |       |       |       |       |       |       ||    59
       Large shield      |   104 |   213 |   577 |  1061 |   886 |  1627 |   840 |   202 ||  5510
       Reflection        |       |       |     2 |    14 |    34 |     4 |    79 |    29 ||   162
